 Dungeon Crawl Stone Soup version 0.23.2-11-gf996548 (webtiles) character file.

Game seed: 15871645945468131418

56554 Fang the Fighter (level 14, -4/96 HPs)
             Began as a Gargoyle Berserker on May 31, 2019.
             Was a High Priest of Trog.
             Slain by a hornet (8 damage)
             ... on level 12 of the Dungeon on June 3, 2019.
             The game lasted 00:25:10 (21227 turns).

Fang the Fighter (Gargoyle Berserker)              Turns: 21227, Time: 00:25:10

Health: -4/96      AC: 35    Str: 25    XL:     14   Next: 82%
Magic:  14/14      EV: 12    Int:  9    God:    Trog [*****.]
Gold:   1224       SH:  0    Dex:  9    Spells: 13/13 levels left

rFire    . . .     SeeInvis .   a - +4 war axe
rCold    + . .     Gourm    .   (no shield)
rNeg     + . .     Faith    .   b - +5 plate armour
rPois    ∞         Spirit   .   (no helmet)
rElec    +         Reflect  .   C - +2 cloak
rCorr    .         Harm     .   (no gloves)
MR       ++...                  (no boots)
Stlth    ..........             (no amulet)
HPRegen  0.26/turn              B - ring of protection from cold
MPRegen  0.14/turn              q - ring of protection from magic

@: berserk cooldown, flying, slowed, very slow
A: big wings, negative energy resistance 1, electricity resistance, unbreathing,
petrification resistance, rot immunity, AC +10
a: Stop Flying, Berserk, Trog's Hand, Brothers in Arms, Renounce Religion


You were on level 12 of the Dungeon.
You worshipped Trog.
Trog was extremely pleased with you.
You were hungry.

You visited 3 branches of the dungeon, and saw 19 of its levels.

You collected 1224 gold pieces.

Inventory:

Hand Weapons
 a - a +4 war axe (weapon)
 k - a +4 vampiric executioner's axe
 L - a +5 antimagic battleaxe
Armour
 b - a +5 plate armour (worn)
 C - a +2 cloak (worn)
Jewellery
 e - an uncursed ring of stealth
 q - a ring of protection from magic (right hand)
 x - the amulet of the Air {Inacc +Fly rElec EV+5 RMsl}
   (You found it on level 2 of the Lair of Beasts)

   [amulet of inaccuracy]

   It reduces the accuracy of all your attacks.
   It affects your evasion (+5).
   It insulates you from electricity.
   It lets you fly.
   It protects you from missiles.
 B - a ring of protection from cold (left hand)
 G - the ring of Attitude {Fire rElec rPois Slay+3}
   (You found it on level 2 of the Lair of Beasts)

   [ring of fire]

   It enhances your fire magic.
   It affects your accuracy and damage with ranged weapons and melee attacks
   (+3).
   It protects you from fire.
   It makes you vulnerable to cold.
   It insulates you from electricity.
   It protects you from poison.
 I - an uncursed ring of ice
Wands
 f - a wand of polymorph (10)
 h - a wand of iceblast (16)
 j - a wand of acid (33)
 n - a wand of flame (14)
 s - a wand of disintegration (14)
 E - a wand of random effects (23)
 F - a wand of clouds (13)
 K - a wand of digging (6)
Scrolls
 d - 3 scrolls of magic mapping
 p - 2 scrolls of fear
 r - 2 scrolls of blinking
 t - 4 scrolls of teleportation
 v - 6 scrolls of remove curse
 y - a scroll of fog
Potions
 g - a potion of curing
 i - a potion of invisibility {unknown}
 l - 2 potions of heal wounds
 m - 2 potions of might
 o - 4 potions of cancellation
 u - 2 potions of berserk rage
 z - a potion of agility
 A - a potion of resistance {unknown}
 D - a potion of haste
 H - a potion of mutation
Comestibles
 c - 33 rations
 w - 7 chunks of flesh


   Skills:
 + Level 14.1 Fighting
 + Level 12.0 Axes
 + Level 13.8 Armour
 + Level 11.0 Dodging


You had 13 spell levels left.
You didn't know any spells.
Your spell library was empty.

Dungeon Overview and Level Annotations

Branches:
Dungeon (12/15)            Temple (1/1) D:4            Lair (6/6) D:9
 Shoals (0/4) Lair:4        Snake (0/4) Lair:3        Slime (0/5) Lair:5
    Orc (0/2) D:9

Altars:
Ashenzari
Cheibriados
Dithmenos
Elyvilon
Gozag
Hepliaklqana
Kikubaaqudgha
Makhleb
Nemelex Xobeh
Okawaru
Ru
Sif Muna
Trog
Wu Jian

Shops:
D:5 [%   D:7 ?

Annotations:
D:7 2 transporters, LePi's ghost, novice HOFi
Lair:1 1 runed translucent door, polio18's ghost, journeyman TrMo
Lair:5 exclusion: 4 oklob plants


Innate Abilities, Weirdness & Mutations

You are resistant to torment.
Your stone body is resilient. (AC +10)
You are immune to poison.
Your large and strong wings let you fly indefinitely.
You resist negative energy. (rN+)
You are resistant to electric shocks. (rElec)
You can survive without breathing.
You are immune to petrification.
You are immune to rotting.


Message History

The shadow slips into darkness.
The shadow flickers and vanishes!
Deactivating autopickup; reactivate with Ctrl-A.
The hornet stings you but does no damage. x2
You barely miss the hornet. You hit something.
A killer bee comes into view.
The hornet stings you but does no damage.
The shadow strikes at you from the darkness!
* * * LOW HITPOINT WARNING * * *
Reactivating autopickup.
You closely miss the hornet. You slash the shadow!
You hit the killer bee but do no damage.
The killer bee closely misses you.
The hornet stings you but does no damage.
The shadow hits you.
The killer bee stings you but does no damage.
The hornet stings you but does no damage.
The shadow completely misses you. The killer bee closely misses you.
The hornet stings you!
You die...

....##.........#. ####...###
......................#.#..######
...........................##†).#
..............................†..
........................####..†..
............####........ ##....
............###......... #....
...............W........ #...#
..............y@y.y.... #....
............###....##. #....
..##... #...# #...# #.... #.##
#...# ...... ## .. #...... ..
##..>.. .P ...... ≈≈ ≈≈


You could see a hornet, a shadow and 2 killer bees.

Vanquished Creatures
  2 two-headed ogres
  The ghost of Spectrina the Frost Mage, a journeyman VSIE of Kikubaaqudgha (Lair:2)
  4 death yaks
  An unseen horror (D:10)
  A cyclops (D:11)
  An ugly thing (D:12)
  The ghost of WaifuGate the Martial Artist, a novice OpTm of Gozag (D:6)
  A centaur zombie (D:10)
  3 black mambas
  5 elephants (Lair:5)
  A torpor snail (Lair:2)
  32 spiny frogs
  4 rime drakes
  8 komodo dragons
  3 trolls
  2 meliai (D:12)
  31 blink frogs
  Grinder (D:5)
  4 tyrant leeches (Lair:6)
  11 dream sheep
  11 hippogriffs
  2 wyverns
  A vampire (D:11)
  Eustachio (D:5)
  38 yaks
  2 basilisks
  3 hogs (D:7)
  A human (D:7)
  A hungry ghost (D:9)
  6 vampire mosquitoes (Lair:6)
  Menkaure (D:5)
  15 water moccasins
  8 porcupines
  Duvessa (D:7)
  11 ice beasts
  A black bear (D:9)
  5 orc warriors
  5 sky beasts
  A black mamba simulacrum (Lair:2)
  2 eyes of draining
  2 necrophages (D:10)
  2 phantoms
  4 ogres
  11 centaurs
  14 crocodiles
  A big kobold (D:9)
  Blork the orc (D:5)
  23 bullfrogs
  A spiny frog simulacrum (Lair:2)
  A water moccasin zombie (D:5)
  Dowan (D:7)
  4 scorpions
  A blink frog simulacrum (Lair:2)
  29 killer bees
  An elephant simulacrum (Lair:2)
  8 wights
  4 jellies
  2 vampire bats (Lair:4)
  7 electric eels (D:8)
  7 crimson imps
  2 bullfrog zombies (D:10)
  6 orc priests (D:9)
  3 quasits (D:9)
  A bullfrog skeleton (D:9)
  6 hounds
  13 orc wizards
  4 iguanas
  4 worker ants
  3 bullfrog simulacra (Lair:2)
  2 hound zombies
  2 hound skeletons (D:10)
  A worker ant zombie (D:10)
  7 gnolls (D:7)
  A crocodile simulacrum (Lair:2)
  11 adders
  2 howler monkey skeletons
  3 shadow imps
  3 white imps (D:6)
  A worker ant simulacrum (D:6)
  An ooze (D:1)
  An adder skeleton (D:4)
  3 adder zombies
  7 worms
  An adder simulacrum (D:6)
  8 leopard geckos
  53 orcs
  3 ball pythons
  5 giant cockroaches
  9 goblins
  15 hobgoblins
  18 jackals
  7 quokkas
  A ball python skeleton (D:5)
  17 bats
  11 frilled lizards
  8 kobolds
  A leopard gecko skeleton (D:5)
  A quokka simulacrum (D:6)
  A quokka skeleton (D:6)
  2 quokka zombies
  10 rats
  4 fungi
  2 plants
621 creatures vanquished.

Vanquished Creatures (collateral kills)
  3 hydras
  A spiny frog (Lair:6)
  8 blink frogs (Lair:6)
  A tyrant leech (Lair:6)
  A bullfrog (Lair:6)
14 creatures vanquished.

Vanquished Creatures (others)
  A rime drake (Lair:2)
  22 fungi
  68 plants
91 creatures vanquished.

Grand Total: 726 creatures vanquished

Notes
Turn   | Place    | Note
-------+----------+-------------------------------------------
     0 | D:1      | Fang the Gargoyle Berserker began the quest for the Orb.
     0 | D:1      | Reached XP level 1. HP: 14/14 MP: 1/1
   142 | D:1      | Reached XP level 2. HP: 12/19 MP: 2/2
   575 | D:1      | Reached XP level 3. HP: 19/23 MP: 3/3
   840 | D:1      | Reached ** piety under Trog
  1239 | D:2      | Reached XP level 4. HP: 23/29 MP: 4/4
  1245 | D:2      | Reached skill level 4 in Fighting
  1400 | D:2      | Found a faded altar of an unknown god.
  1445 | D:2      | Found a shadowy altar of Dithmenos.
  1560 | D:2      | Found a bloodstained altar of Trog.
  2075 | D:3      | Reached XP level 5. HP: 33/33 MP: 5/5
  2079 | D:3      | Reached *** piety under Trog
  2079 | D:3      | Received a gift from Trog
  2381 | D:3      | Found a hazy altar of Hepliaklqana.
  2467 | D:3      | Found an ancient bone altar of Kikubaaqudgha.
  2569 | D:4      | Found a shattered altar of Ashenzari.
  2629 | D:4      | Found a staircase to the Ecumenical Temple.
  2640 | Temple   | Entered the Ecumenical Temple
  2665 | D:4      | Found a snail-covered altar of Cheibriados.
  3028 | D:5      | Entered Level 5 of the Dungeon
  3031 | D:5      | Noticed Blork the orc
  3038 | D:5      | Reached XP level 6. HP: 22/39 MP: 6/6
  3040 | D:5      | Killed Blork the orc
  3391 | D:5      | Noticed an ice beast
  3407 | D:5      | Killed an ice beast
  3407 | D:5      | Reached skill level 5 in Fighting
  3455 | D:5      | Noticed Eustachio
  3493 | D:5      | Killed Eustachio
  3493 | D:5      | Reached XP level 7. HP: 19/44 MP: 7/7
  3514 | D:5      | Found an iron altar of Okawaru.
  3606 | D:5      | Reached skill level 5 in Armour
  4028 | D:5      | Found Fein's Armour Shop.
  4058 | D:5      | Reached XP level 8. HP: 20/51 MP: 8/8
  4059 | D:5      | Noticed Grinder
  4275 | D:5      | Paralysed by Grinder for 5 turns
  4285 | D:5      | Killed Grinder
  4285 | D:5      | Reached skill level 6 in Fighting
  4285 | D:5      | Reached skill level 5 in Axes
  4312 | D:5      | Noticed Menkaure
  4322 | D:5      | Killed Menkaure
  4411 | D:5      | Reached **** piety under Trog
  4429 | D:5      | Found a burning altar of Makhleb.
  4504 | D:5      | Found Mihelaep's Food Emporium.
  4820 | D:6      | Reached skill level 7 in Fighting
  4820 | D:6      | Reached XP level 9. HP: 42/57 MP: 9/9
  4840 | D:6      | Noticed WaifuGate's ghost (novice OpTm)
  5037 | D:6      | Found a runed translucent gate.
  5037 | D:6      | Found a runed translucent gate.
  5037 | D:6      | Found a runed translucent gate.
  5047 | D:6      | Reached skill level 5 in Dodging
  5523 | D:6      | Killed WaifuGate's ghost
  5984 | D:7      | Reached skill level 8 in Fighting
  5994 | D:7      | Reached XP level 10. HP: 40/64 MP: 10/10
  6275 | D:7      | Noticed Duvessa
  6287 | D:7      | Noticed Dowan
  6288 | D:7      | Killed Duvessa
  6296 | D:7      | Killed Dowan
  6344 | D:7      | Found Cuga's Magic Scroll Emporium.
  6419 | D:7      | Reached ***** piety under Trog
  6650 | D:7      | Noticed LePi's ghost (novice HOFi)
  6652 | D:7      | Found a bloodstained altar of Trog.
  6653 | D:7      | Found a transporter.
  6664 | D:7      | Noticed a moth of wrath
  6669 | D:7      | Found a transporter.
  6735 | D:7      | Reached skill level 9 in Fighting
  7605 | D:8      | Noticed a moth of wrath
  7608 | D:8      | Found a bloodstained altar of Trog.
  7886 | D:8      | Found a sacrificial altar of Ru.
  8259 | D:9      | Received a gift from Trog
  8375 | D:9      | Found a staircase to the Lair.
  8444 | D:9      | Reached XP level 11. HP: 71/71 MP: 11/11
  8622 | D:9      | Found a staircase to the Orcish Mines.
  8928 | D:9      | Reached skill level 10 in Fighting
  8991 | D:9      | Found a sparkling altar of Nemelex Xobeh.
  9192 | Lair:1   | Entered Level 1 of the Lair of Beasts
  9209 | D:10     | Entered Level 10 of the Dungeon
  9364 | D:10     | Reached skill level 10 in Armour
  9707 | D:10     | Killed an unseen horror
 10272 | D:11     | Received a gift from Trog
 10507 | D:11     | Noticed a four-headed hydra
 10512 | D:11     | Killed a four-headed hydra
 10540 | D:11     | Noticed a cyclops
 10552 | D:11     | Killed a cyclops
 11209 | D:11     | Upgraded the game from 0.23.2-1-ga50397a to
                  | 0.23.2-11-gf996548
 11259 | D:11     | Reached XP level 12. HP: 63/79 MP: 12/12
 11516 | D:11     | Noticed a two-headed ogre
 11523 | D:11     | Killed a two-headed ogre
 11523 | D:11     | Reached skill level 11 in Fighting
 11672 | Lair:1   | Found a runed translucent door.
 11672 | Lair:1   | Noticed polio18's ghost (journeyman TrMo)
 11823 | Lair:1   | Noticed an eight-headed hydra
 11833 | Lair:1   | Killed a nine-headed hydra
 13019 | Lair:2   | Found a white marble altar of Elyvilon.
 13215 | Lair:2   | Noticed a death yak
 13241 | Lair:2   | Killed a death yak
 13246 | Lair:2   | Found a runed translucent gate.
 13246 | Lair:2   | Found a runed translucent gate.
 13246 | Lair:2   | Found a runed translucent gate.
 13479 | Lair:2   | Reached skill level 10 in Axes
 13634 | Lair:2   | Noticed Spectrina's ghost (journeyman VSIE)
 13708 | Lair:2   | Found the amulet of the Air {Inacc +Fly rElec EV+5 RMsl}
 14017 | Lair:3   | Received a gift from Trog
 14069 | Lair:3   | Reached skill level 12 in Fighting
 14317 | Lair:3   | Reached XP level 13. HP: 79/86 MP: 4/13
 14843 | Lair:3   | Found a staircase to the Snake Pit.
 16102 | Lair:4   | Found a staircase to the Shoals.
 16613 | Lair:5   | Received a gift from Trog
 16698 | Lair:5   | Reached skill level 10 in Dodging
 16704 | Lair:5   | Reached skill level 13 in Fighting
 17203 | Lair:5   | You fall through a shaft!
 17203 | Lair:6   | Entered Level 6 of the Lair of Beasts
 17366 | Lair:6   | Gained mutation: Your large and strong wings let you fly
                  | indefinitely. [Gargoyle growth]
 17366 | Lair:6   | Reached XP level 14. HP: 71/94 MP: 14/14
 18343 | Lair:6   | Received a gift from Trog
 18351 | Lair:6   | HP: 3/94 [ten-headed hydra (6)]
 20114 | Lair:6   | Identified Witchcraft in Simple Steps
 20268 | Lair:5   | Found a staircase to the Slime Pits.
 20776 | Lair:2   | Killed Spectrina's ghost
 20778 | Lair:2   | Reached skill level 14 in Fighting
 20862 | Lair:2   | Got the ring of Attitude {Fire}
 21221 | D:12     | Noticed a tengu reaver
 21222 | D:12     | Noticed a storm dragon
 21226 | D:12     | HP: 3/96 [something (14)]
 21227 | D:12     | Slain by a hornet

Skill      XL: |  1  2  3  4  5  6  7  8  9 10 11 12 13 14 |
---------------+-------------------------------------------+-----
Axes           | 3 4 5 6 8 9 10 11 12 | 12.0
Dodging        | 2 3 4 5 7 8 9 10 11 | 11.0
Armour         | 3 4 5 6 7 9 10 11 12 13 | 13.8
Fighting       | 4 5 7 8 9 10 12 13 14 | 14.1

Action                   |  1- 3 |  4- 6 |  7- 9 | 10-12 | 13-15 || total
-------------------------+-------+-------+-------+-------+-------++-------
Melee: Hand axe          |   117 |   110 |       |       |       ||   227
       War axe           |       |   168 |   257 |   895 |   356 ||  1676
       Battleaxe         |       |       |       |    23 |   304 ||   327
Invok: Berserk           |     1 |     3 |     5 |     8 |    12 ||    29
       Trog's Hand       |       |       |     1 |     2 |       ||     3
       Brothers in Arms  |       |       |       |     2 |     3 ||     5
 Abil: Fly               |       |       |       |       |     1 ||     1
  Use: Scroll            |       |     2 |    12 |    17 |     5 ||    36
       Potion            |       |       |       |     1 |     5 ||     6
  Eat: Chunk             |     2 |    10 |     6 |    34 |    28 ||    80
       Ration            |       |       |     2 |     2 |     2 ||     6
Armor: Animal skin       |    55 |       |       |       |       ||    55
       Chain mail        |     7 |   224 |   188 |       |       ||   419
       Plate armour      |       |       |    42 |   990 |   768 ||  1800
Dodge: Dodged            |   101 |   186 |   166 |   688 |   652 ||  1793
